 Dungeon Crawl Stone Soup version 0.23-a0-703-gdf2d5e0 (console) character file.

129 bli the Chopper (level 5, -1/41 HPs)
             Began as a Formicid Abyssal Knight on Jan 13, 2019.
             Was a Believer of Lugonu.
             Slain by a gnoll
             ... wielding a +3 flail of draining
              (12 damage)
             ... on level 2 of the Dungeon.
             The game lasted 00:05:17 (1647 turns).

bli the Chopper (Formicid Abyssal Knight)           Turns: 1647, Time: 00:05:18

Health: -1/41      AC:  6    Str: 18    XL:     5   Next: 35%
Magic:  6/6        EV: 11    Int: 11    God:    Lugonu [**....]
Gold:   107        SH:  0    Dex: 10    Spells: 4/4 levels left

rFire    . . .     SeeInvis +   a - +1 hand axe
rCold    . . .     Gourm    .   (no shield)
rNeg     . . .     Faith    .   o - +0 leather armour
rPois    .         Spirit   .   (helmet unavailable)
rElec    .         Reflect  .   (no cloak)
rCorr    .         Harm     .   (no gloves)
MR       .....                  (no boots)
Stlth    +.........             (no amulet)
HPRegen  0.13/turn              d - +3 ring of protection
MPRegen  0.10/turn              (no ring)

@: drained
A: permanent stasis, dig shafts and tunnels, four strong arms, antennae 3
a: Dig, Shaft Self, Depart the Abyss, Bend Space, Renounce Religion


You were on level 2 of the Dungeon.
You worshipped Lugonu.
Lugonu was pleased with you.
You were hungry.

You visited 1 branch of the dungeon, and saw 2 of its levels.
You visited the Abyss 1 time.

You collected 107 gold pieces.

Inventory:

Hand Weapons
 a - a +1 hand axe (weapon)
 b - a +3 hunting sling
 g - a +0 spear
 p - a +0 spear
Missiles
 k - 10 poisoned needles
 l - 96 stones (quivered)
Armour
 e - a +0 plate armour
 h - a +0 ring mail
 o - a +0 leather armour (worn)
Jewellery
 d - a +3 ring of protection (left hand)
Scrolls
 f - a scroll of identify {unknown}
 i - a scroll of random uselessness {unknown}
 j - 3 scrolls of enchant armour {unknown}
 q - a scroll of blinking {unknown}
Potions
 m - a potion of haste {unknown}
 n - a potion of heal wounds {unknown}
 r - a potion of curing {unknown}
Comestibles
 c - 4 rations


   Skills:
 - Level 3.2(2.5) Fighting
 * Level 4.6(3.8) Axes
 + Level 0.4(0.0) Slings
 + Level 2.7(2.0) Armour
 + Level 1.4(0.7) Dodging
 - Level 2.1(1.4) Invocations


You had 4 spell levels left.
You didn't know any spells.
Your spell library was empty.

Dungeon Overview and Level Annotations

Branches:
Dungeon (2/15)

Altars:


Innate Abilities, Weirdness & Mutations

You cannot be hasted, slowed, berserked, paralysed or teleported.
You can dig through walls and to a lower floor.
Your four strong arms can wield two-handed weapons with a shield.
You have a pair of large antennae on your head. (SInv)


Message History

The gnoll hits you with a +3 flail of draining.
You feel drained.
You hit the gnoll.
The gnoll is severely wounded.
The gnoll barely misses you.
You hit the gnoll.
The gnoll is almost dead.
The gnoll closely misses you.
You hit the gnoll but do no damage.
The gnoll is almost dead.
The gnoll misses you.
You hit the gnoll but do no damage.
The gnoll is almost dead.
The gnoll hits you with a +3 flail of draining.
* * * LOW HITPOINT WARNING * * *
You feel drained.
You hit the gnoll.
The gnoll is almost dead.
The gnoll hits you with a +3 flail of draining!
You die...

##..........#########
{...........#########
#.w........<........
..........######.).
g.........# ##..#
#)######## #..## #)#
##.## #g# #..#
#########g# ###{##
#......##g# ##...#
#......##@# ##..###
#......##.# #..##
#......##.# #)##
#####...#.# ##.#
#.#.#.# #..# #.#.#.#
#.## #.#.#.######[#
#............#####
###................
###.......#......
#.......#......


You could see 3 gnolls.

Vanquished Creatures
  Jessica (D:2)
  Robin (D:2)
  2 adders (D:2)
  2 gnolls
  A worm (D:2)
  A dart slug (D:1)
  A leopard gecko (D:1)
  3 giant cockroaches
  6 goblins
  9 hobgoblins
  7 jackals
  A quokka (D:2)
  5 bats
  2 frilled lizards (D:1)
  4 kobolds (D:1)
  3 rats
49 creatures vanquished.

Vanquished Creatures (others)
  A giant cockroach (D:2)
  A hobgoblin (D:2)
2 creatures vanquished.

Grand Total: 51 creatures vanquished

Notes
Turn   | Place    | Note
-------+----------+-------------------------------------------
     0 | Abyss:1  | bli the Formicid Abyssal Knight began the quest for the
                  | Orb.
     0 | Abyss:1  | Reached XP level 1. HP: 18/18 MP: 2/2
    45 | Abyss:1  | Noticed a large abomination
    46 | Abyss:1  | Noticed a harpy zombie
    51 | D:1      | Escaped the Abyss
   130 | D:1      | Reached * piety under Lugonu
   130 | D:1      | Reached XP level 2. HP: 24/24 MP: 3/3
   417 | D:1      | Reached skill level 3 in Axes
   419 | D:1      | Reached skill level 1 in Dodging
   426 | D:1      | Reached XP level 3. HP: 24/29 MP: 4/4
  1085 | D:2      | Reached XP level 4. HP: 35/35 MP: 5/5
  1106 | D:2      | Noticed Robin
  1338 | D:2      | Noticed Jessica
  1353 | D:2      | Killed Jessica
  1353 | D:2      | Reached skill level 4 in Axes
  1365 | D:2      | Reached XP level 5. HP: 20/41 MP: 6/6
  1598 | D:2      | Reached ** piety under Lugonu
  1609 | D:2      | Killed Robin
  1647 | D:2      | Slain by a gnoll

Vault maps used:
D:1:      elethiomel_arrival_maze, hangedman_abyss_or_decor_lesser_grid,
          minmay_hexomino_c4
D:2:      fiery_altar_vehumet, minmay_misc_feat_columns, uniq_robin,
          uniq_jessica, uniq_terence

Skill      XL: |  1  2  3  4 |
---------------+-------------+-----
Axes           | 3 4 |  4.6
Dodging        | 1 |  1.4
Fighting       | |  3.2
Slings         | |  0.4
Armour         | |  2.7
Invocations    | |  2.1

Action                   |  1- 3 |  4- 6 || total
-------------------------+-------+-------++-------
Melee: Hand axe          |    72 |    89 ||   161
 Fire: Hunting sling     |     9 |     6 ||    15
Invok: Depart the Abyss  |     1 |       ||     1
 Abil: Dig               |     2 |       ||     2
  Eat: Chunk             |     1 |     1 ||     2
Armor: Leather armour    |    44 |    23 ||    67
Dodge: Dodged            |    57 |    59 ||   116

Table legend:
 A = Non-vault XP
 B = Vault XP
 C = Vault XP percentage of total XP
 D = Non-vault monster count
 E = Vault monster count
 F = Vault count percentage of total count
                 A         B        C        D         E       F
            +---------+---------+-------+---------+---------+-------
      Total |     102 |      83 |  44.9 |      30 |      19 |  38.8
            +---------+---------+-------+---------+---------+-------
        D:1 |      38 |      18 |  32.1 |      16 |      10 |  38.5
        D:2 |      64 |      65 |  50.4 |      14 |       9 |  39.1
            +---------+---------+-------+---------+---------+-------
